 Seeded DCSS version 0.28.0-43-g3370ac3207 (webtiles) character file.

Game seed: 9871404364189446373 (custom seed)

165 croobank the Shield-Bearer (level 5, -4/47 HPs)
             Began as a Gnoll Fighter on Mar 25, 2022.
             Slain by a killer bee (7 damage)
             ... on level 6 of the Dungeon.
             The game lasted 00:10:53 (2337 turns).

croobank the Shield-Bearer (Gnoll Fighter)          Turns: 2337, Time: 00:10:54

Health: -4/47      AC:  7    Str: 17    XL:     5   Next: 46%
Magic:  7/7        EV:  9    Int:  7    God:
Gold:   101        SH:  0    Dex: 12    Spells: 1/7 levels left

rFire   . . .      SeeInvis .   a - +1 war axe
rCold   + . .      Faith    .   c - +0 buckler
rNeg    . . .      Spirit   .   b - +0 scale mail
rPois   .          Reflect  .   (no helmet)
rElec   .          Harm     .   (no cloak)
rCorr   .          Rampage  .   (no gloves)
Will    .....                   (no boots)
Stlth   ..........              (no amulet)
HPRegen 0.15/turn               u - ring of protection from cold
MPRegen 0.10/turn               (no ring)

@: confused, ambrosia-drunk
A: fangs 1, strong nose, distributed training
a: no special abilities


You were on level 6 of the Dungeon.
You visited 1 branch of the dungeon, and saw 4 of its levels.

You collected 101 gold pieces.

Inventory:

Hand Weapons
 a - a +1 war axe (weapon)
 d - a +0 scimitar
Missiles
 e - 85 stones (quivered)
 g - 93 arrows
 m - 43 sling bullets
 n - 3 poisoned darts
 o - 2 boomerangs
 q - a throwing net
Armour
 b - a +0 scale mail (worn)
 c - a +0 buckler (worn)
Jewellery
 u - a ring of protection from cold (left hand)
Scrolls
 h - 3 scrolls of teleportation
 i - a scroll of immolation {immolation, unknown}
 j - a scroll of amnesia {amnesia, unknown}
 k - a scroll of holy word {holy word, unknown}
 s - 3 scrolls of identify {identify, unknown}
Potions
 p - 2 potions of attraction {attraction, unknown}
 t - a potion of flight {flight, unknown}


   Skills:
 + Level 6.7 Fighting
 + Level 1.5 Short Blades
 + Level 1.5 Long Blades
 + Level 4.8 Axes
 + Level 1.5 Maces & Flails
 + Level 1.5 Polearms
 + Level 1.5 Staves
 + Level 1.5 Slings
 + Level 1.5 Bows
 + Level 1.5 Crossbows
 + Level 1.5 Throwing
 + Level 6.7 Armour
 + Level 1.5 Dodging
 + Level 1.5 Stealth
 + Level 6.7 Shields
 + Level 1.5 Unarmed Combat
 + Level 1.5 Spellcasting
 + Level 1.2 Conjurations
 + Level 1.2 Hexes
 + Level 1.2 Summonings
 + Level 1.2 Necromancy
 + Level 1.2 Translocations
 + Level 1.2 Transmutations
 + Level 1.2 Fire Magic
 + Level 1.2 Ice Magic
 + Level 1.2 Air Magic
 + Level 1.2 Earth Magic
 + Level 1.2 Poison Magic
 + Level 1.7 Invocations
 + Level 1.5 Evocations


You had one spell level left.
You knew the following spells:

 Your Spells              Type           Power      Damage    Failure   Level
a - Sting                 Tmut/Pois      8%         1d3       67%         1
b - Poisonous Vapours     Pois/Air       4%         N/A       80%         2
c - Frozen Ramparts       Ice            4%         1d2       95%         3

Your spell library contained the following spells:

 Spells                   Type           Power      Damage    Failure   Level
 Freeze                   Ice            8%         1d3       67%         1
 Ignite Poison            Fire/Tmut/Pois 2%         N/A       95%         3
 Mephitic Cloud           Conj/Pois/Air  2%         N/A       95%         3
 Hailstorm                Conj/Ice       2%         3d3       100%        4
 Olgreb's Toxic Radiance  Pois           2%         N/A       100%        4
 Freezing Cloud           Conj/Ice/Air   1%         6-21      100%        5


Dungeon Overview and Level Annotations

Branches:
Dungeon (3/15)

Altars:


Innate Abilities, Weirdness & Mutations

You have very sharp teeth.
Your uncanny sense of smell can sniff out nearby items.
Your experience applies equally to all skills.


Message History

The killer bee stings you.
* * * LOW HITPOINT WARNING * * *
You are more poisoned.
The killer bee poisons you! You block the shadow imp's attack.
The killer bee stings you but does no damage.
It was a potion of ambrosia {ambrosia}.
You are confused.
You feel invigorated.
* * * LOW HITPOINT WARNING * * *
You feel sick. The killer bee closely misses you. The shadow imp hits you.
* * * LOW HITPOINT WARNING * * *
The killer bee closely misses you.
You bump into the rock wall.
* * * LOW HITPOINT WARNING * * *
You feel sick.
The killer bee stings you but does no damage.
The shadow imp gestures at you. Pain shoots through your body!
* * * LOW HITPOINT WARNING * * *
The killer bee stings you but does no damage.
You are too confused!
Okay, then.
You slash the shadow imp!
You kill the shadow imp!
You closely miss the killer bee.
* * * LOW HITPOINT WARNING * * *
You feel sick. The killer bee barely misses you. The killer bee stings you.
* * * LOW HITPOINT WARNING * * *
You feel sick. The killer bee stings you.
* * * LOW HITPOINT WARNING * * *
* * * LOW HITPOINT WARNING * * *
You feel sick.
The killer bee stings you but does no damage.
You bump into the rock wall.
You feel sick. The killer bee stings you.
* * * LOW HITPOINT WARNING * * *
The killer bee barely misses you.
You bump into the rock wall.
You feel sick.
You are no longer poisoned.
The killer bee stings you!
You die...

### .. ∆ .. # #.
..###.#########
#........y@..#
∆#.#..........###
#..............#
..###..#####....#
∆#.# #....# #.
......... .
........... ∆ #.
#.##....#### . #.
.....#


You could see a killer bee.

Vanquished Creatures
  A water moccasin skeleton (D:6)
  An orc priest (D:3)
  2 adders
  A shadow imp (D:6)
  A worm (D:2)
  A dart slug (D:3)
  6 orcs
  5 ball pythons
  10 endoplasms
  6 goblins
  2 hobgoblins (D:2)
  3 quokkas
  6 bats
  2 frilled lizards
  A kobold (D:3)
  2 rats (D:2)
50 creatures vanquished.

Notes
Turn   | Place    | Note
-------+----------+-------------------------------------------
     0 | D:1      | croobank the Gnoll Fighter began the quest for the Orb.
     0 | D:1      | Reached XP level 1. HP: 23/23 MP: 1/1
   135 | D:1      | Reached XP level 2. HP: 27/29 MP: 2/2
   549 | D:2      | Reached XP level 3. HP: 33/35 MP: 3/3
   697 | D:2      | Reached skill level 1 in Invocations
  1273 | D:1      | Reached skill level 1 in Short Blades
  1273 | D:1      | Reached skill level 1 in Long Blades
  1273 | D:1      | Reached skill level 1 in Maces & Flails
  1273 | D:1      | Reached skill level 1 in Polearms
  1273 | D:1      | Reached skill level 1 in Staves
  1273 | D:1      | Reached skill level 1 in Slings
  1273 | D:1      | Reached skill level 1 in Bows
  1273 | D:1      | Reached skill level 1 in Crossbows
  1273 | D:1      | Reached skill level 1 in Throwing
  1273 | D:1      | Reached skill level 1 in Dodging
  1273 | D:1      | Reached skill level 1 in Stealth
  1273 | D:1      | Reached skill level 1 in Unarmed Combat
  1273 | D:1      | Reached skill level 1 in Spellcasting
  1273 | D:1      | Reached skill level 1 in Evocations
  1659 | D:3      | Reached XP level 4. HP: 41/41 MP: 5/5
  1701 | D:3      | Reached skill level 1 in Conjurations
  1701 | D:3      | Reached skill level 1 in Hexes
  1701 | D:3      | Reached skill level 1 in Summonings
  1701 | D:3      | Reached skill level 1 in Necromancy
  1701 | D:3      | Reached skill level 1 in Translocations
  1701 | D:3      | Reached skill level 1 in Transmutations
  1701 | D:3      | Reached skill level 1 in Fire Magic
  1701 | D:3      | Reached skill level 1 in Ice Magic
  1701 | D:3      | Reached skill level 1 in Air Magic
  1701 | D:3      | Reached skill level 1 in Earth Magic
  1701 | D:3      | Reached skill level 1 in Poison Magic
  2097 | D:3      | Learned a level 1 spell: Sting
  2100 | D:3      | Learned a level 2 spell: Poisonous Vapours
  2202 | D:3      | You fall into a shaft and drop 3 floors!
  2210 | D:6      | Reached XP level 5. HP: 32/47 MP: 5/7
  2222 | D:6      | Learned a level 3 spell: Frozen Ramparts
  2330 | D:6      | HP: 2/47 [killer bee (5)]
  2336 | D:6      | HP: 1/47 [killer bee (6)]
  2337 | D:6      | Slain by a killer bee

Illustrated notes

Levels and vault maps discovered:
D:1:      onia_arrival_mini_maze_b, layout_basic, bh_walls_and_bars
D:2:      layout_basic, serial_glass, glass_columns_c, glass_columns_b,
          nrook_campfire, minmay_tripent
D:3:      layout_basic, minmay_misc_feat_encased
D:6:      cheibrodos_fzero, layout_basic, mainiacjoe_overflow_tiny_flanked,
          nicolae_specific_store, minmay_starry_boxes

Skill      XL: |  1  2  3  4 |
---------------+-------------+-----
Invocations    | 1 |  1.7
Short Blades   | 1 |  1.5
Long Blades    | 1 |  1.5
Maces & Flails | 1 |  1.5
Polearms       | 1 |  1.5
Staves         | 1 |  1.5
Slings         | 1 |  1.5
Bows           | 1 |  1.5
Crossbows      | 1 |  1.5
Throwing       | 1 |  1.5
Dodging        | 1 |  1.5
Stealth        | 1 |  1.5
Unarmed Combat | 1 |  1.5
Spellcasting   | 1 |  1.5
Evocations     | 1 |  1.5
Conjurations   | 1 |  1.2
Hexes          | 1 |  1.2
Summonings     | 1 |  1.2
Necromancy     | 1 |  1.2
Translocations | 1 |  1.2
Transmutations | 1 |  1.2
Fire Magic     | 1 |  1.2
Ice Magic      | 1 |  1.2
Air Magic      | 1 |  1.2
Earth Magic    | 1 |  1.2
Poison Magic   | 1 |  1.2
Fighting       | |  6.7
Axes           | |  4.8
Armour         | |  6.7
Shields        | |  6.7

Action                   |  1- 3 |  4- 6 || total
-------------------------+-------+-------++-------
Melee: War axe           |    96 |    37 ||   133
       Bite              |     8 |     3 ||    11
  Use: Potion            |       |     4 ||     4
       Scroll            |       |     3 ||     3
Armor: Scale mail        |    53 |    23 ||    76
Dodge: Dodged            |    50 |    33 ||    83
Block: Buckler           |    28 |    16 ||    44
